 Dungeon Crawl Stone Soup version 0.29.0-5-ge4962eb29e (webtiles) character file.

Game seed: 2789973903439230855

2742 nickcage the Basher (level 9, -14/75 HPs)
             Began as a Minotaur Abyssal Knight on Aug 29, 2022.
             Was a High Priest of Lugonu.
             Demolished by a two-headed ogre
             ... wielding a +0 giant club
              (21 damage)
             ... on level 8 of the Dungeon.
             The game lasted 00:17:22 (6284 turns).

nickcage the Basher (Minotaur Abyssal Knight)       Turns: 6284, Time: 00:17:24

Health: -14/75     AC: 17    Str: 22    XL:     9   Next: 41%
Magic:  9/9        EV:  4    Int:  7    God:    Lugonu [*****.]
Gold:   435        SH:  8    Dex: 17    Spells: 8/8 levels left

rFire   . . .      SeeInvis .   u - +3 morningstar
rCold   . . .      Faith    .   J - +0 kite shield
rNeg    . . .      Spirit   .   H - +0 plate armour
rPois   .          Reflect  .   (helmet restricted)
rElec   .          Harm     .   c - +1 cloak
rCorr   +          Rampage  .   t - +2 pair of gloves
Will    .....                   q - +0 pair of boots
Stlth   ..........              w - amulet of the acrobat
HPRegen 0.22/turn               l - +6 ring of dexterity
MPRegen 0.11/turn               b - ring of resist corrosion

@: no status effects
A: horns 2, retaliatory headbutt
a: Renounce Religion, Depart the Abyss, Bend Space, Banish, Corrupt, Enter the
Abyss


You were on level 8 of the Dungeon.
You worshipped Lugonu.
Lugonu was extremely pleased with you.
You visited 1 branch of the dungeon, and saw 8 of its levels.
You visited the Abyss 1 time.

You collected 435 gold pieces.

Inventory:

Hand Weapons
 a - a +1 mace
 m - a +1 flail
 u - a +3 morningstar (weapon)
 B - a +0 morningstar
 I - a +4 flail of protection
Missiles
 C - 4 boomerangs (quivered)
 G - a javelin
Armour
 c - a +1 cloak (worn)
 h - a +0 ring mail
 q - a +0 pair of boots (worn)
 t - a +2 pair of gloves (worn)
 H - a +0 plate armour (worn)
 J - a +0 kite shield (worn)
Jewellery
 b - a ring of resist corrosion (right hand)
 l - a +6 ring of dexterity (left hand)
 r - an amulet of magic regeneration
 v - a ring of flight
 w - an amulet of the acrobat (around neck)
 D - a +6 ring of dexterity
Scrolls
 f - a scroll of amnesia
 j - 10 scrolls of identify
 n - a scroll of magic mapping {unknown}
 o - 2 scrolls of fear
 s - 2 scrolls of silence
 y - 2 scrolls of enchant armour
 E - a scroll of torment {unknown}
 F - 2 scrolls of teleportation
 K - 3 scrolls of acquirement {unknown}
Potions
 d - 2 potions of heal wounds
 e - a potion of ambrosia {unknown}
 g - 2 potions of lignification {unknown}
 i - a potion of mutation {unknown}
 k - a potion of invisibility {unknown}
 p - 5 potions of curing {unknown}
 x - a potion of degeneration {unknown}
 z - 2 potions of haste {unknown}
 A - a potion of berserk rage {unknown}


   Skills:
 + Level 6.0 Fighting
 + Level 14.5 Maces & Flails
 - Level 1.0 Throwing
 - Level 2.4 Armour
 - Level 1.1 Dodging
 + Level 0.4 Shields
 - Level 1.7 Invocations


You had 8 spell levels left.
You didn't know any spells.
Your spell library contained the following spells:

 Spells                   Type           Power      Damage    Failure   Level
 Apportation              Tloc           0%         N/A       100%        1
 Magic Dart               Conj           0%         1d3       100%        1
 Necrotise                Necr           0%         1d4       100%        1
 Sandblast                Erth           0%         2d4       100%        1
 Slow                     Hex            0%         N/A       100%        1
 Summon Small Mammal      Summ           0%         N/A       100%        1
 Call Imp                 Summ           0%         N/A       100%        2
 Passwall                 Tmut/Erth      0%         N/A       100%        2
 Static Discharge         Conj/Air       0%         3-3/arc   100%        2
 Confusing Touch          Hex            0%         N/A       100%        3
 Mephitic Cloud           Conj/Pois/Air  0%         N/A       100%        3
 Stone Arrow              Conj/Erth      0%         3d7       100%        3
 Summon Guardian Golem    Hex/Summ       0%         N/A       100%        3
 Vampiric Draining        Necr           0%         2d6       100%        3
 Dispel Undead            Necr           0%         3d6       100%        4
 Leda's Liquefaction      Hex/Erth       0%         N/A       100%        4
 Sticky Flame             Conj/Fire      0%         2d3       100%        4
 Lee's Rapid Deconstruct  Erth           0%         3d5*      100%        5
 Statue Form              Tmut/Erth      0%         N/A       100%        6
 Orb of Destruction       Conj           0%         9d5       100%        7
 Spellforged Servitor     Conj/Summ      0%         N/A       100%        7


Dungeon Overview and Level Annotations

Branches:
Dungeon (8/15)             Temple (0/1) D:4
   Lair: D:8-11

Altars:
Ashenzari
Elyvilon
Gozag
Kikubaaqudgha
Makhleb
Okawaru
Sif Muna
Vehumet
Xom
Zin
The Shining One

Shops:
D:8 *

Annotations:
D:7 2 transporters, unlimited1921's ghost, novice DjFE


Innate Abilities, Weirdness & Mutations

You have a pair of horns on your head.
You reflexively headbutt those who attack you in melee.


Message History

You bump into the rock wall.
The orc hits you but does no damage.
You bump into the rock wall.
The orc hits you but does no damage.
You bump into the rock wall.
You feel less confused. You block the orc's attack.
You thump the orc!
You kill the orc!
Lugonu accepts your kill.
p - 5 silvery potions (gained 1);
C - 4 boomerangs (gained 3)
Items here: )))))))) [[[[[[[ ††.
Okay, then.
HP restored.
Found a stone staircase leading down.
There is a stone staircase leading down here.
K - 3 scrolls labelled PEGUIH JACKEUF
F - 2 scrolls of teleportation (gained 1)
A two-headed ogre comes into view.
It is wielding a +0 giant club and a +0 giant spiked club.
The two-headed ogre shouts in stereo!
You throw a boomerang. The boomerang hits the two-headed ogre.
The two-headed ogre is lightly wounded.
You thump the two-headed ogre!
The two-headed ogre is heavily wounded.
The two-headed ogre completely misses you.
The two-headed ogre hits you with a +0 giant spiked club.
You hit the two-headed ogre but do no damage.
Your headbutt misses the two-headed ogre.
The two-headed ogre is moderately wounded.
You bludgeon the two-headed ogre!!
The two-headed ogre is severely wounded.
The two-headed ogre hits you with a +0 giant club!!
The two-headed ogre hits you with a +0 giant spiked club!
You hit the two-headed ogre.
The two-headed ogre is almost dead.
You hit the two-headed ogre.
Your headbutt misses the two-headed ogre.
The two-headed ogre is almost dead.
The two-headed ogre hits you with a +0 giant club!!
* * * LOW HITPOINT WARNING * * *
The two-headed ogre hits you with a +0 giant spiked club!!
You die...

# ##........##.........
#≈##....................
#≈~..###.###.###........
##~~## #.# #... ...#####
#≈.# #.# #### ####
#~.####.# #~~##...##
#~≈......###
#.~~..@....#
#.≈~≈..O.### #.#≈..!..#
#.......... ####.######.
#. # #. #.


You could see a two-headed ogre.

Vanquished Creatures
  A wyvern (D:7)
  An ice beast (D:6)
  An orc warrior (D:8)
  An ogre (D:4)
  A centaur (D:8)
  A kobold brigand (D:7)
  A wyvern zombie (D:7)
  2 bullfrogs (D:7)
  3 scorpions
  A water moccasin zombie (D:7)
  14 wights
  A bullfrog zombie (D:7)
  A howler monkey (D:6)
  A centaur zombie (D:7)
  An orc priest (D:8)
  5 hounds
  A human zombie (D:7)
  2 jellies
  3 gnoll boudas
  4 iguanas
  2 orc wizards
  3 mummies (D:7)
  A howler monkey zombie (D:7)
  13 gnolls
  12 adders
  2 ufetubi
  3 worms
  2 dart slugs
  17 orcs
  2 bats
  8 endoplasms
  5 giant cockroaches
  6 goblins
  6 hobgoblins
  11 jackals
  4 quokkas
  11 ball pythons
  7 frilled lizards
  8 kobolds
  4 rats
173 creatures vanquished.

Notes
Turn   | Place    | Note
-------+----------+-------------------------------------------
     0 | Abyss:1  | nickcage the Minotaur Abyssal Knight began the quest for
                  | the Orb.
     0 | Abyss:1  | Reached XP level 1. HP: 19/19 MP: 1/1
     1 | D:1      | Escaped the Abyss
   141 | D:1      | Reached skill level 3 in Maces & Flails
   260 | D:1      | Reached XP level 2. HP: 26/26 MP: 2/2
   292 | D:1      | Found a faded altar of an unknown god.
   414 | D:1      | Reached skill level 4 in Maces & Flails
   704 | D:1      | Reached XP level 3. HP: 31/31 MP: 3/3
  1157 | D:2      | Reached *** piety under Lugonu
  1395 | D:2      | Reached skill level 5 in Maces & Flails
  1524 | D:3      | Reached XP level 4. HP: 39/39 MP: 4/4
  1568 | D:3      | Found a radiant altar of Vehumet.
  1569 | D:3      | Found a shimmering altar of Xom.
  1569 | D:3      | Found a broken altar of Ashenzari.
  1837 | D:3      | Reached skill level 6 in Maces & Flails
  1879 | D:3      | Reached XP level 5. HP: 26/45 MP: 5/5
  2433 | D:4      | Noticed an ogre
  2444 | D:4      | Killed an ogre
  2445 | D:4      | Reached skill level 7 in Maces & Flails
  2685 | D:4      | Reached XP level 6. HP: 51/51 MP: 6/6
  2981 | D:4      | Reached skill level 8 in Maces & Flails
  2981 | D:4      | Found a staircase to the Ecumenical Temple.
  3102 | D:5      | Entered Level 5 of the Dungeon
  3150 | D:5      | Found an iron altar of Okawaru.
  3198 | D:5      | Reached skill level 9 in Maces & Flails
  3411 | D:5      | Reached **** piety under Lugonu
  3478 | D:5      | Reached XP level 7. HP: 54/57 MP: 7/7
  3861 | D:5      | Reached skill level 10 in Maces & Flails
  4211 | D:6      | Found an opulent altar of Gozag.
  4212 | D:6      | Found a shimmering blue altar of Sif Muna.
  4518 | D:6      | Reached skill level 11 in Maces & Flails
  4523 | D:6      | Reached XP level 8. HP: 16/66 MP: 8/8
  4809 | D:6      | Found a white marble altar of Elyvilon.
  4809 | D:6      | Found a glowing golden altar of the Shining One.
  4810 | D:6      | Found a glowing silver altar of Zin.
  5030 | D:6      | Reached skill level 12 in Maces & Flails
  5393 | D:7      | Reached skill level 13 in Maces & Flails
  5420 | D:7      | Found an ancient bone altar of Kikubaaqudgha.
  5532 | D:7      | Reached skill level 5 in Fighting
  5541 | D:7      | Found a burning altar of Makhleb.
  5558 | D:7      | Reached skill level 1 in Throwing
  5558 | D:7      | Reached XP level 9. HP: 74/74 MP: 9/9
  5608 | D:7      | Found a transporter.
  5614 | D:7      | Found a transporter.
  5614 | D:7      | Noticed unlimited1921's ghost (novice DjFE)
  5650 | D:7      | Reached ***** piety under Lugonu
  5827 | D:7      | Identified the +6 quarterstaff of Brawling {holy, rPois}
  5981 | D:8      | Found Wuthoira's Changing Room.
  6018 | D:8      | Reached skill level 14 in Maces & Flails
  6278 | D:8      | Noticed a two-headed ogre
  6284 | D:8      | Demolished by a two-headed ogre

Illustrated notes

Levels and vault maps discovered:
D:1:      grunt_arrival_crossed_arrows, layout_rooms,
          chequers_ecumenical_altar_simple_redux, st_stairs_10,
          nrook_loot_triangle
D:2:      layout_rooms
D:3:      minmay_chambers_of_twos, layout_loops_ring,
          chequers_temple_overflow_statue_of_worship
D:4:      layout_basic, minmay_temple_entry_tees, grunt_ministairs_13
D:5:      layout_gridville, okawaru_gym_becter, st_stairs_9
D:6:      layout_basic, good_gods_mini_temple, nicolae_overflow_hidden_temple,
          enter_ossuary_1
D:7:      layout_cave_pools, lemuel_mausoleum_altar_kikubaaqudgha,
          lemuel_doored_altar, gammafunk_ghost_arena,
          minmay_fractal_squares_gapless_5
D:8:      layout_basic, serial_rivers, chequers_serial_rivers_micro_c,
          chequers_serial_rivers_small_a, chequers_serial_rivers_room_b,
          chequers_serial_rivers_micro_e, chequers_serial_rivers_large_b,
          chequers_serial_rivers_small_a, hex_large,
          nicolae_transmutations_shop, uniq_maggie

Skill      XL: |  1  2  3  4  5  6  7  8  9 |
---------------+----------------------------+-----
Maces & Flails | 3 4 5 6 7 9 11 13 14 | 14.5
Fighting       | 5 6 |  6.0
Throwing       | 1 |  1.0
Armour         | |  2.4
Dodging        | |  1.1
Shields        | |  0.4
Invocations    | |  1.7

Action                   |  1- 3 |  4- 6 |  7- 9 || total
-------------------------+-------+-------+-------++-------
Melee: Mace              |   101 |    19 |       ||   120
       Headbutt          |    16 |    23 |    39 ||    78
       Flail             |       |   101 |    50 ||   151
       Punch             |       |     2 |     4 ||     6
       Morningstar       |       |       |   163 ||   163
Throw: Javelin           |       |     1 |     4 ||     5
       Boomerang         |       |       |     1 ||     1
  Use: Scroll            |       |       |     9 ||     9
Armor: Leather armour    |    35 |       |       ||    35
       Ring mail         |     6 |    46 |    38 ||    90
       Plate armour      |       |       |    42 ||    42
Dodge: Dodged            |    60 |    87 |    89 ||   236
Block: Kite shield       |       |       |    13 ||    13
